 Dungeon Crawl Stone Soup version 0.19.5 (webtiles) character file.

1446 Keye the Cleaver (level 8, 0/68 HPs)
             Began as a Deep Dwarf Fighter on May 7, 2017.
             Slain by an ogre
             ... wielding a +0 giant spiked club
              (21 damage)
             ... on level 7 of the Dungeon.
             The game lasted 00:11:46 (4755 turns).

Keye the Cleaver (Deep Dwarf Fighter)               Turns: 4755, Time: 00:11:47

Health: 0/68       AC: 15    Str: 22    XL:     8   Next: 46%
Magic:  8/8        EV:  4    Int:  8    God:
Gold:   319        SH:  9    Dex: 13    Spells: 0 memorised, 7 levels left

rFire  . . .     SeeInvis +     a - +0 war axe
rCold  . . .     Gourm    +     F - +0 plate armour
rNeg   . . .     Faith    .     c - +0 shield
rPois  .         Spirit   .     r - +1 helmet
rElec  .         Reflect  .     o - +0 cloak
rCorr  .         Harm     .     t - +0 pair of gloves
MR     +....                    (no boots)
Stlth  ..........               E - amulet of the gourmand
                                D - ring of see invisible
                                (no ring)

@: non-regenerating
A: damage resistance, recharge devices, sense surroundings 1, slow regeneration
3
a: Device Recharging


You were on level 7 of the Dungeon.
You were not hungry.

You visited 1 branch of the dungeon, and saw 7 of its levels.

You collected 319 gold pieces.

Inventory:

Hand Weapons
 a - a +0 war axe (weapon)
Armour
 b - a +0 scale mail
 c - a +0 shield (worn)
 o - a +0 cloak (worn)
 r - a +1 helmet (worn)
 t - a +0 pair of gloves (worn)
 F - a +0 plate armour (worn)
Jewellery
 g - an uncursed amulet of guardian spirit
 i - an uncursed ring of wizardry
 D - a ring of see invisible (right hand)
 E - an amulet of the gourmand (around neck)
Wands
 e - a wand of heal wounds (1/9)
 C - a wand of disintegration (17/24)
Scrolls
 k - 5 scrolls of remove curse
 l - 2 scrolls of teleportation
 x - 2 scrolls of identify
 y - 3 scrolls of fear
 B - a scroll of amnesia
 G - a scroll of enchant armour
 H - a scroll of noise {unknown}
 I - a scroll of enchant weapon {unknown}
Potions
 d - 3 potions of might
 h - a potion of magic
 j - 3 potions of brilliance
 p - 3 potions of heal wounds
 q - 2 potions of flight {unknown}
 u - 4 potions of curing {unknown}
 v - a potion of degeneration {unknown}
Books
 A - a book of Misfortune

   Spells                             Type                      Level
   a - Confusing Touch                Hexes                        1
   b - Confuse                        Hexes                        3
   c - Gell's Gravitas                Hexes/Translocation          3
   d - Petrify                        Transmutation/Earth          4
   e - Metabolic Englaciation         Hexes/Ice                    5
   f - Yara's Violent Unravelling     Hexes/Transmutation          5
Comestibles
 f - 3 bread rations
 m - 9 fruits
 n - 4 meat rations
 s - a slice of pizza
 w - a royal jelly
 z - a beef jerky


   Skills:
 - Level 2.6 Fighting
 + Level 11.5 Axes
 - Level 3.2 Armour
 - Level 3.2 Shields


You had 7 spell levels left.
You didn't know any spells.

Dungeon Overview and Level Annotations

Branches:
Dungeon (7/15)             Temple (0/1) D:7

Altars:
Dithmenos
Hepliaklqana
Qazlal
Ru
Sif Muna


Innate Abilities, Weirdness & Mutations

You are resistant to damage.
You can recharge devices by infusing magical energy.
You passively map a small area around you.
You do not regenerate.


Message History

The ice beast hits you but does no damage.
Your plate armour prevents you from hitting the ice beast.
The ice beast is almost dead.
You block the ice beast's attack.
You slash the ice beast!
You kill the ice beast!
You see here a hand axe.
Found a pair of boots.
An ogre comes into view. It is wielding a giant spiked club.
Found a ring of teleportation.
The ogre hits you with a giant spiked club!
You hit the ogre.
The ogre is moderately wounded.
You block the ogre's attack.
You slash the ogre!
The ogre is heavily wounded.
You closely miss the ogre.
The ogre is heavily wounded.
The ogre hits you with a giant spiked club!!
You die...

, , ,* ####.....# ,
.........#* *
#........# , ,
+.........
*######........# *
, ......[.......# +
, , .=......O..#, .
, *
#........@...#,..,
#............#?..,
,
#................,
≈#..######........
, , ,
#..######........ ,
*#..##............,
, ≈ ≈
#..##............
#..##......../..# ,
+ #..).............
, ,


You could see an ogre.

Vanquished Creatures
  The ghost of Dwachs the Sneak, a novice DECj of Vehumet (D:4)
  A black bear (D:6)
  2 ice beasts
  2 scorpions
  A howler monkey (D:4)
  2 crimson imps
  A hound (D:6)
  4 orc priests
  Jessica (D:2)
  A bullfrog skeleton (D:3)
  2 centaur skeletons
  4 orc wizards
  5 worker ants
  A hound skeleton (D:6)
  Robin (D:2)
  6 adders
  4 gnolls (D:3)
  3 oozes
  An adder zombie (D:7)
  6 worms
  4 dart slugs
  2 leopard geckos
  16 orcs
  10 giant cockroaches
  14 goblins
  10 hobgoblins
  9 bats
  4 frilled lizards
  4 kobolds
  14 rats
136 creatures vanquished.

Notes
Turn   | Place    | Note
-------+----------+-------------------------------------------
     0 | D:1      | Keye the Deep Dwarf Fighter began the quest for the Orb.
     0 | D:1      | Reached XP level 1. HP: 20/20 MP: 1/1
    67 | D:1      | Reached skill level 3 in Axes
   107 | D:1      | Reached XP level 2. HP: 27/27 MP: 2/2
   421 | D:1      | Reached XP level 3. HP: 31/33 MP: 3/3
   544 | D:1      | Reached skill level 4 in Axes
   797 | D:2      | Noticed Robin
   832 | D:2      | Killed Robin
   832 | D:2      | Reached XP level 4. HP: 11/40 MP: 4/4
   899 | D:2      | Noticed Jessica
   908 | D:2      | Killed Jessica
   908 | D:2      | Reached skill level 5 in Axes
  1346 | D:3      | Reached XP level 5. HP: 20/46 MP: 5/5
  1543 | D:3      | Reached skill level 6 in Axes
  1774 | D:3      | HP: 2/46 [gnoll/halberd (9)]
  1793 | D:3      | Reached skill level 7 in Axes
  1793 | D:3      | Reached XP level 6. HP: 17/55 MP: 0/6
  1830 | D:3      | Found a sacrificial altar of Ru.
  2165 | D:4      | Reached skill level 8 in Axes
  2520 | D:4      | Noticed Dwachs's ghost (novice DECj)
  2535 | D:4      | Killed Dwachs's ghost
  2535 | D:4      | Reached skill level 9 in Axes
  2535 | D:4      | Reached XP level 7. HP: 20/61 MP: 0/7
  2908 | D:5      | Entered Level 5 of the Dungeon
  3036 | D:5      | Found a stormy altar of Qazlal.
  3195 | D:5      | Reached skill level 10 in Axes
  3475 | D:6      | Reached XP level 8. HP: 39/68 MP: 0/8
  3627 | D:6      | Found a sacrificial altar of Ru.
  3660 | D:6      | Found a shadowy altar of Dithmenos.
  4356 | D:6      | Reached skill level 11 in Axes
  4368 | D:6      | Found a deep blue altar of Sif Muna.
  4379 | D:6      | Found a hazy altar of Hepliaklqana.
  4755 | D:7      | Slain by an ogre

Skill      XL: |  1  2  3  4  5  6  7  8 |
---------------+-------------------------+-----
Axes           | 3 4 5 7 9 10 11 | 11.5
Fighting       | |  2.6
Armour         | |  3.2
Shields        | |  3.2

Action                   |  1- 3 |  4- 6 |  7- 9 || total
-------------------------+-------+-------+-------++-------
Melee: War axe           |   120 |   249 |   143 ||   512
Evoke: Wand              |       |     5 |     2 ||     7
  Use: Potion            |     1 |     1 |     1 ||     3
       Scroll            |       |     9 |     4 ||    13
  Eat: Chunk             |       |     6 |    11 ||    17
Armor: Scale mail        |    56 |   117 |    12 ||   185
       Plate armour      |       |       |    44 ||    44
Dodge: Dodged            |    32 |    85 |    18 ||   135
Block: Shield            |    52 |   140 |    71 ||   263
